 Dungeon Crawl Stone Soup version 0.18-a0-1343-g48c8f86 (webtiles) character file.

732 M4edhros the Insei (level 7, -8/52 HPs)
             Began as a Mummy Monk on Feb 16, 2016.
             Mangled by an ogre
             ... wielding a +0 giant club
              (33 damage)
             ... on level 2 of the Dungeon.
             The game lasted 00:08:25 (6872 turns).

M4edhros the Insei (Mummy Monk)                     Turns: 6872, Time: 00:08:25

Health: -8/52      AC:  1    Str: 15    XL:     7   Next: 45%
Magic:  7/7        EV: 13    Int:  9    God:
Gold:   209        SH:  0    Dex: 16    Spells: 0 memorised, 6 levels left

rFire  x . .     SeeInvis .       - Unarmed
rCold  + . .     Gourm    .     (no armour)
rNeg   + + +     Faith    .     (no shield)
rPois  ∞         Spirit   .     (no helmet)
rElec  .         Dismiss  .     (no cloak)
rCorr  .         Reflect  .     c - +0 pair of gloves
SustAt .         Harm     .     (no boots)
MR     +....                    (no amulet)
Stlth  ++........               (no ring)
                                b - ring of protection from magic

@: somewhat resistant to hostile enchantments, unstealthy
A: no food or potions, fire vulnerability, cold resistance 1, negative energy
resistance 3, torment resistance, unbreathing
a: no special abilities


You were on level 2 of the Dungeon.
You were not hungry.

You visited 1 branch of the dungeon, and saw 6 of its levels.

You collected 209 gold pieces.

Inventory:

Armour
 a - a +0 large shield
 c - a +0 pair of gloves (worn)
Jewellery
 b - a ring of protection from magic (left hand)
 d - an uncursed ring of ice
 i - an uncursed ring of teleportation
 j - an uncursed ring of sustain attributes
Scrolls
 e - 2 scrolls of fog
 f - a scroll of random uselessness
 g - a scroll of teleportation
 h - a scroll of immolation
 k - a scroll of recharging {unknown}
 l - a scroll of blinking
 m - a scroll of fear {unknown}
 n - a scroll of amnesia


   Skills:
 - Level 3.0 Fighting
 - Level 2.4 Dodging
 - Level 1.5 Stealth
 + Level 3.2 Shields
 + Level 6.8 Unarmed Combat


You had 6 spell levels left.
You didn't know any spells.

Dungeon Overview and Level Annotations

Branches:
Dungeon (6/15)             Temple (0/1) D:4

Altars:
Makhleb
Okawaru
Vehumet
Zin

Shops:
D:2 *

Annotations:
D:6 Jessica


Innate Abilities, Weirdness & Mutations

You do not eat or drink.
Your flesh is vulnerable to fire.
You are immune to poison.
Your flesh is cold resistant.
You are immune to negative energy.
You are immune to unholy pain and torment.
You can survive without breathing.


Message History

You hit the ogre. Your punch misses the ogre.
The ogre is lightly wounded.
The ogre barely misses you.
You hit the ogre.
The ogre is lightly wounded.
The ogre hits you with a giant club!!
There is a stone staircase leading down here.
The ogre hits you with a giant club!
* * * LOW HITPOINT WARNING * * *
There is a stone staircase leading up here.
You climb upwards.
There is a stone staircase leading down here.
You start resting.
HP restored.
You climb downwards.
The ogre hits you with a giant club!!
Ouch! That really hurt!
There is a stone staircase leading up here.
The ogre hits you with a giant club!!
Ouch! That really hurt!
You die...

#................#######
##.##...................#
...########.............########
.### #.#####.####.........# .###
#.# #..# ##.######.# .#.## #.#
#.## #.# #.# ....#######.# #.#
#.# #.# ............## #O# #.#
#.# ....#######..# #@# #.# #.#
.#!## ######>###.######.# #.#
.#.####.................# #.#
.#.##...####.###.######## ###.#
.#.##.#.####.# #.# #...#
......#...##.# #.# #.###
#...#####.##.# #.# #.#
##%...#......# #.# #.#
##.#.#.###..###.# #.#


You could see an ogre.

Vanquished Creatures
  A centaur (D:6)
  A giant frog (D:6)
  A scorpion (D:5)
  A crimson imp (D:4)
  A centaur skeleton (D:4)
  4 orc priests
  4 orc wizards
  Terence (D:3)
  2 worker ants (D:4)
  A hound skeleton (D:5)
  2 gnolls
  5 adders
  A worm (D:3)
  3 adder skeletons
  2 giant geckos
  15 orcs
  3 ball pythons
  8 bats
  3 giant cockroaches
  4 goblins
  5 hobgoblins
  A quokka (D:5)
  A giant gecko skeleton (D:6)
  3 giant newts
  10 kobolds
  7 rats
90 creatures vanquished.

Notes
Turn   | Place    | Note
--------------------------------------------------------------
     0 | D:1      | M4edhros the Mummy Monk began the quest for the Orb.
     0 | D:1      | Reached XP level 1. HP: 18/18 MP: 1/1
   464 | D:1      | Reached XP level 2. HP: 4/24 MP: 2/2
  1229 | D:1      | Reached skill level 4 in Unarmed Combat
  1788 | D:2      | Reached XP level 3. HP: 22/29 MP: 3/3
  2064 | D:2      | Found Zin's Purification Station.
  2067 | D:2      | Found a glowing silver altar of Zin.
  2148 | D:2      | Found a radiant altar of Vehumet.
  2463 | D:3      | Reached XP level 4. HP: 32/35 MP: 4/4
  2740 | D:3      | Reached skill level 5 in Unarmed Combat
  2835 | D:3      | Noticed Terence
  2861 | D:3      | Killed Terence
  3033 | D:3      | Found a burning altar of Makhleb.
  3100 | D:3      | Reached XP level 5. HP: 39/41 MP: 5/5
  3949 | D:3      | Reached skill level 1 in Shields
  3976 | D:3      | Reached XP level 6. HP: 42/47 MP: 6/6
  4501 | D:4      | Reached skill level 6 in Unarmed Combat
  4808 | D:4      | Found a staircase to the Ecumenical Temple.
  4850 | D:5      | Entered Level 5 of the Dungeon
  4979 | D:6      | Noticed Jessica
  5548 | D:6      | Reached XP level 7. HP: 36/52 MP: 7/7
  6485 | D:4      | Found an iron altar of Okawaru.
  6872 | D:2      | Mangled by an ogre

Vault maps used:
D:1:      onia_arrival_pyramid, minmay_misc_feat_encased,
          minmay_misc_feat_hallway, corexii_item_surrounded_by_moat
D:2:      lemuel_coloured_pillars_altar, zin_purify
D:3:      old_standard_altar, minmay_misc_feat_x, minmay_door_square,
          uniq_terence
D:4:      cheibriados_altar_wand_db, temple_hall, serial_shops, shop,
          okawaru_metal_pillars_1_2
D:5:      serial_shops, shop, first_bread
D:6:      grunt_temple_overflow_forces_of_nature, nemelex_deck,
          elyvilon_altar_4, kennysheep_mini, serial_shops, shop_statue, tgw_sif,
          uniq_crazy_yiuf_cottage

Action                   |  1- 3 |  4- 6 |  7- 9 || total
-------------------------+-------+-------+-------++-------
Melee: Unarmed           |   131 |   210 |    83 ||   424
  Use: Scroll            |     3 |     5 |     1 ||     9
 Stab: Sleeping          |     4 |     2 |       ||     6
       Distracted        |       |       |     1 ||     1
